 Dungeon Crawl Stone Soup version 0.29-a0-323-g050149af67 (webtiles) character file.

Game seed: 11295095954701043704

52 bande the Covered (level 3, -4/24 HPs)
             Began as a Gargoyle Fighter on Apr 10, 2022.
             Slain by a worm (6 damage)
             ... on level 2 of the Dungeon.
             The game lasted 00:01:56 (1530 turns).

bande the Covered (Gargoyle Fighter)                Turns: 1530, Time: 00:01:57

Health: -4/24      AC: 12    Str: 19    XL:     3   Next: 85%
Magic:  3/3        EV:  9    Int:  8    God:
Gold:   104        SH:  4    Dex: 11    Spells: 2/2 levels left

rFire   . . .      SeeInvis .   a - +0 war axe
rCold   . . .      Faith    .   c - +0 buckler
rNeg    + . .      Spirit   .   b - +0 scale mail
rPois   ∞          Reflect  .   h - +0 helmet
rElec   +          Harm     .   k - +0 cloak
rCorr   .          Rampage  .   (no gloves)
Will    .....                   (no boots)
Stlth   ..........              (no amulet)
HPRegen 0.08/turn               (no ring)
MPRegen 0.08/turn               (no ring)

@: no status effects
A: sickness immunity, AC +3, negative energy resistance 1, electricity
resistance, torment resistance 1, petrification resistance
a: no special abilities


You were on level 2 of the Dungeon.
You visited 1 branch of the dungeon, and saw 2 of its levels.

You collected 104 gold pieces.

Inventory:

Hand Weapons
 a - a +0 war axe (weapon)
Armour
 b - a +0 scale mail (worn)
 c - a +0 buckler (worn)
 h - a +0 helmet (worn)
 k - a +0 cloak (worn)
Jewellery
 f - an amulet of regeneration
Potions
 d - 2 potions of might
 l - a potion of curing


   Skills:
 + Level 3.8 Fighting
 + Level 2.5 Axes
 + Level 3.9 Armour
 + Level 3.5 Shields


You had 2 spell levels left.
You didn't know any spells.
Your spell library contained the following spells:

 Spells                   Type           Power      Damage    Failure   Level
 Ensorcelled Hibernation  Hex/Ice        0%         N/A       94%         2
 Spider Form              Tmut/Pois      0%         N/A       99%         3
 Anguish                  Hex/Necr       0%         N/A       100%        4
 Passage of Golubria      Tloc           0%         N/A       100%        4
 Summon Lightning Spire   Summ/Air       0%         N/A       100%        4
 Silence                  Hex/Air        0%         N/A       100%        5
 Storm Form               Tmut/Air       0%         N/A       100%        7
 Lehudib's Crystal Spear  Conj/Erth      0%         10d2      100%        8
 Maxwell's Capacitive Co  Air            0%         ∞         100%        8


Dungeon Overview and Level Annotations

Branches:
Dungeon (2/15)

Altars:


Innate Abilities, Weirdness & Mutations

You are immune to sickness and miasma.
Your stone body is resilient. (AC +3)
You are immune to poison.
You resist negative energy. (rN+)
You are resistant to electric shocks. (rElec)
You are resistant to unholy torment.
You are immune to petrification.


Message History

The worm barely misses you.
You barely miss the worm. The worm barely misses you.
You hit the worm.
The worm is moderately wounded.
You barely miss the worm. The worm bites you!
You hit the worm but do no damage.
The worm is moderately wounded.
You barely miss the worm. You block the worm's attack.
You slash the worm!
The worm is severely wounded.
You hit the goblin but do no damage. You slash the worm! The worm bites you.
The goblin hits you but does no damage. You block the worm's attack.
You barely miss the worm.
The worm is heavily wounded.
You hit the worm. You hit the goblin.
You kill the goblin!
The worm closely misses you. The worm bites you.
You are too injured to fight recklessly!
You are too injured to fight recklessly!
You are too injured to fight recklessly!
You are too injured to fight recklessly!
You are too injured to fight recklessly!
You are too injured to fight recklessly!
You are too injured to fight recklessly!
You are too injured to fight recklessly!
You are too injured to fight recklessly!
Unknown command.
You hit the worm.
The worm is heavily wounded.
You hit the worm. The worm barely misses you. The worm bites you.
* * * LOW HITPOINT WARNING * * *
You completely miss the worm.
The worm is heavily wounded.
You hit the worm but do no damage. You block the worm's attack.
The worm bites you.
* * * LOW HITPOINT WARNING * * *
You barely miss the worm.
The worm is heavily wounded.
You hit the worm. The worm bites you.
You die...

..<....# #.#,,,,,,,,,*
*, †......#
#.#*****,,,,********,
.......# #.#
**####***,,,,,,,
....(..##***#.# *....#
*,,,>,,, .........,,*#.#
*....# *,,,,,,,
.......###,*#.####....#
*,,,,,,, .......#
*,*#.........# *,,,,,,,
########
*,*#...w.....##**,,,,,,,
*,*#...@)......,,,,,,,,,
*,*##...w....##**,,,,,,,
*,* #..........,,,,,,,,,
*,* #........##*,*,,,,,*
*,* #....###.#,,,*,,,,,*
*,* ###### *,#,***,,,,,*
***,***** *,,,,,,,,,,,*
*,,,,,,,* ***,****,,,,*
*,,,,,,,* *,* *,,,,*


You could see 2 worms.

Vanquished Creatures
  An adder (D:2)
  7 ball pythons
  5 bats
  3 endoplasms
  2 giant cockroaches (D:1)
  5 goblins
  3 hobgoblins
  2 jackals (D:2)
  5 quokkas
  A frilled lizard (D:1)
  2 kobolds
  A rat (D:1)
37 creatures vanquished.

Notes
Turn   | Place    | Note
-------+----------+-------------------------------------------
     0 | D:1      | bande the Gargoyle Fighter began the quest for the Orb.
     0 | D:1      | Reached XP level 1. HP: 14/14 MP: 1/1
   370 | D:1      | Reached XP level 2. HP: 19/19 MP: 2/2
   677 | D:1      | Found a faded altar of an unknown god.
   877 | D:1      | Reached XP level 3. HP: 24/24 MP: 3/3
  1530 | D:2      | Slain by a worm

Illustrated notes

Levels and vault maps discovered:
D:1:      elethiomel_arrival_quiet, layout_basic,
          dreamdust_ecumenical_altar_angels_and_demons
D:2:      layout_basic, st_stairs_5

Skill      XL: |  1  2 |
---------------+-------+-----
Axes           | 2 |  2.5
Fighting       | |  3.8
Armour         | |  3.9
Shields        | |  3.5

Action                   || total
-------------------------++-------
Melee: War axe           ||   110
  Use: Scroll            ||     5
Armor: Scale mail        ||    72
Dodge: Dodged            ||    63
Block: Buckler           ||    40

Table legend: (Time is in decaauts)
 A = Elapsed time spent in this place.
 B = Non-inter-level travel time spent in this place.
 C = Inter-level travel time spent in this place.
 D = Time resting spent in this place.
 E = Time spent auto-exploring this place.
 F = Levels seen in this place.
 G = Mean time per level.
                   A        B        C        D        E       F      G
               +--------+--------+--------+--------+--------+-----+--------+
         Total |   1578 |   1540 |     38 |      0 |   1207 |   2 |  789.0 |
       Dungeon |   1578 |   1540 |     38 |      0 |   1207 |   2 |  789.0 |
               +--------+--------+--------+--------+--------+-----+--------+

Top non-repeatable levels by time:
     D:1: 1230 daAuts
     D:2: 347 daAuts
